 Dungeon Crawl Stone Soup version 0.30-a0-965-g42e074c17a (webtiles) character file.

Game seed: 2415224688660188150

30 cforsyth the Shield-Bearer (level 3, 0/30 HPs)
             Began as a Formicid Fighter on Mar 31, 2023.
             Slain by Terence
             ... wielding a +0 falchion
              (2 damage)
             ... on level 2 of the Dungeon.
             The game lasted 00:01:35 (1080 turns).

cforsyth the Shield-Bearer (Formicid Fighter)       Turns: 1080, Time: 00:01:35

Health: 0/30       AC:  6    Str: 22    XL:     3   Next: 37%
Magic:  3/3        EV:  9    Int:  7    God:
Gold:   78         SH:  5    Dex: 13    Spells: 2/2 levels left

rFire   + . .      SeeInvis +    a - +0 flail
rCold   + . .      Faith    .    c - +0 buckler
rNeg    . . .      Spirit   .    b - +0 scale mail
rPois   +          Reflect  .    (helmet unavailable)
rElec   +          Rampage  .    (no cloak)
rCorr   +                        (no gloves)
Will    .....                    (no boots) Stlth
                                 (no amulet)
HPRegen 0.00/turn                (no ring)
MPRegen 0.08/turn                (no ring)

@: resistant, flying, inhibited regen
A: permanent stasis, dig shafts and tunnels, antennae 3, four strong arms,
inhibited regeneration, inability to read after injury 1
a: Dig, Shaft Self


You were on level 2 of the Dungeon.
You visited 1 branch of the dungeon, and saw 2 of its levels.

You collected 78 gold pieces.

Inventory:

Hand Weapons
 a - a +0 flail (weapon)
Missiles
 h - a throwing net
Armour
 b - a +0 scale mail (worn)
 c - a +0 buckler (worn)
Scrolls
 f - a scroll of vulnerability {unknown}
 g - a scroll of identify {unknown}
 j - a scroll of amnesia {unknown}
 k - a scroll of teleportation {unknown}
Potions
 d - a potion of might


   Skills:
 + Level 3.7 Fighting
 * Level 3.1 Maces & Flails
 - Level 3.2 Armour
 - Level 4.0 Shields


You had 2 spell levels left.
You didn't know any spells.
Your spell library was empty.

Dungeon Overview and Level Annotations

Branches:
Dungeon (2/15)

Altars:

Annotations:
D:2 Terence


Innate Abilities, Weirdness & Mutations

You cannot be hasted, slowed, berserked, paralysed or teleported.
You can dig through walls and to a lower floor.
You have a pair of large antennae on your head. (SInv)
Your four strong arms can wield two-handed weapons with a shield.
You do not regenerate when monsters are visible.
You occasionally lose the ability to read scrolls when taking damage.


Message History

You closely miss Terence.
Terence is lightly wounded.
The bat hits you but does no damage. Terence misses you.
You sock Terence!
Terence is severely wounded.
The bat hits you but does no damage. x2; Terence hits you with a +0 falchion.
You hit Terence but do no damage.
Terence is severely wounded.
The bat hits you but does no damage. Terence hits you with a +0 falchion.
Terence says, "Rest in peace."
Terence hits you with a +0 falchion.
You hit Terence.
Terence is almost dead.
The bat closely misses you. Terence hits you with a +0 falchion.
* * * LOW HITPOINT WARNING * * *
You closely miss Terence.
Terence is almost dead.
The bat hits you.
* * * LOW HITPOINT WARNING * * *
Terence hits you with a +0 falchion.
* * * LOW HITPOINT WARNING * * *
You hit Terence but do no damage.
Terence is almost dead.
The bat barely misses you. Terence barely misses you.
You barely miss Terence.
Terence is almost dead.
You block the bat's attack. Terence barely misses you.
Terence hits you with a +0 falchion.
* * * LOW HITPOINT WARNING * * *
It was a potion of flight.
You feel very buoyant.
You fly up into the air.
You block Terence's attack.
It was a potion of mutation.
You feel extremely strange.
Your regeneration stops near monsters.
You occasionally lose the ability to read scrolls when taking damage.
The bat hits you but does no damage. Terence closely misses you.
It was a potion of resistance.
You feel protected. The bat misses you. Terence hits you with a +0 falchion.
You die...

..##.# ..##.# #.##.#
#.##.# #.##.# #....##
#.######.#...######
#......#.#........##
#....@@..###.......##
#......b..##.........#
#.........##.........#
#.........##.........#
#.........##.........#
#.........##.........#
..........##..(......#
#.........##.......>.#
#..<......#


You could see Terence and a bat.

Vanquished Creatures
  An adder (D:1)
  A dart slug (D:1)
  6 endoplasms
  A giant cockroach (D:1)
  A goblin (D:1)
  4 kobolds (D:1)
  3 bats (D:1)
  A rat (D:1)
18 creatures vanquished.

Notes
Turn   | Place    | Note
-------+----------+-------------------------------------------
     0 | D:1      | cforsyth the Formicid Fighter began the quest for the Orb.
     0 | D:1      | Reached XP level 1. HP: 18/18 MP: 1/1
   140 | D:1      | Reached XP level 2. HP: 24/24 MP: 2/2
   843 | D:1      | Reached XP level 3. HP: 27/30 MP: 3/3
  1062 | D:2      | Noticed Terence
  1079 | D:2      | Gained mutation: You do not regenerate when monsters are
                  | visible. [potion of mutation]
  1079 | D:2      | Gained mutation: You occasionally lose the ability to read
                  | scrolls when taking damage. [potion of mutation]
  1080 | D:2      | Slain by Terence

Illustrated notes

Levels and vault maps discovered:
D:1:      dpeg_arrival_pits, layout_basic, minmay_misc_feat_five,
          chequers_serial_rivers_micro_e, minmay_fountain_box
D:2:      layout_rooms, serial_park_tiny_1, kennysheep_nub, uniq_terence

Skill      XL: |  1  2  3 |
---------------+----------+-----
Maces & Flails | 3 |  3.1
Fighting       | |  3.7
Armour         | |  3.2
Shields        | |  4.0

Action                     || total
---------------------------++-------
  Melee: Flail             ||    67
    Use: Potion            ||     3
 Armour: Scale mail        ||    40
  Dodge: Dodged            ||    36
  Block: Buckler           ||    15

Table legend: (Time is in decaauts)
 A = Elapsed time spent in this place.
 B = Non-inter-level travel time spent in this place.
 C = Inter-level travel time spent in this place.
 D = Time resting spent in this place.
 E = Time spent auto-exploring this place.
 F = Levels seen in this place.
 G = Mean time per level.
                   A        B        C        D        E       F      G
               +--------+--------+--------+--------+--------+-----+--------+
         Total |   1100 |    977 |    123 |     21 |    792 |   2 |  550.0 |
       Dungeon |   1100 |    977 |    123 |     21 |    792 |   2 |  550.0 |
               +--------+--------+--------+--------+--------+-----+--------+

Top non-repeatable levels by time:
     D:1: 1023 daAuts
     D:2: 76 daAuts
